 Dungeon Crawl Stone Soup version 0.26-a0-818-g75db068ed4 (webtiles) character file.

Game seed: 15891904197356154925

30 lampshaded the Shield-Bearer (level 3, 33/33 HPs)
             Began as a Minotaur Fighter on Oct 10, 2020.
             Quit the game on level 1 of the Dungeon on Nov 14, 2020.
             The game lasted 00:02:48 (1176 turns).

lampshaded the Shield-Bearer (Minotaur Fighter)     Turns: 1176, Time: 00:02:48

Health: 33/33      AC:  9    Str: 21    XL:     3   Next: 5%
Magic:  2/2        EV:  7    Int:  5    God:
Gold:   34         SH:  9    Dex:  9    Spells: 2/2 levels left

rFire    . . .     SeeInvis .   a - +0 long sword
rCold    . . .     Faith    .   c - +0 kite shield
rNeg     . . .     Spirit   .   b - +0 scale mail
rPois    .         Reflect  .   (helmet restricted)
rElec    .         Harm     .   (no cloak)
rCorr    .         Rampage  .   (no gloves)
MR       .....                  d - +1 pair of boots
Stlth    ..........             (no amulet)
HPRegen  0.11/turn              (no ring)
MPRegen  0.08/turn              (no ring)

@: no status effects
A: retaliatory headbutt, horns 2
a: no special abilities


You were on level 1 of the Dungeon.
You visited 1 branch of the dungeon, and saw 1 of its levels.

You collected 34 gold pieces.

Inventory:

Hand Weapons
 a - a +0 long sword (weapon)
Armour
 b - a +0 scale mail (worn)
 c - a +0 kite shield (worn)
 d - a +1 pair of boots (worn)
Scrolls
 g - a scroll of remove curse {unknown}
 h - a scroll of immolation {unknown}
 i - a scroll of identify {unknown}
Potions
 e - 2 potions of curing {unknown}
 f - a potion of heal wounds {unknown}


   Skills:
 + Level 4.0 Fighting
 * Level 3.3 Long Blades
 + Level 4.0 Armour
 + Level 4.0 Shields


You had 2 spell levels left.
You didn't know any spells.
Your spell library was empty.

Dungeon Overview and Level Annotations

Branches:
Dungeon (1/15)

Altars:


Innate Abilities, Weirdness & Mutations

You reflexively headbutt those who attack you in melee.
You have a pair of horns on your head.


Message History

No target in view!
No target in view!
You see here a +0 dagger.
You see here a +0 dagger.
Key pressed, stopping explore.
You see here a leather armour.
Found a hand axe.
You see here a hand axe.
Done exploring.
Done exploring.
Saving game... please wait.
Welcome back, lampshaded the Minotaur Fighter.
Press ? for a list of commands and other information.
Saving game... please wait.
Welcome back, lampshaded the Minotaur Fighter.
Press ? for a list of commands and other information.
Saving game... please wait.
Welcome back, lampshaded the Minotaur Fighter.
Press ? for a list of commands and other information.
Are you sure you want to abandon this character and quit the game? (Confirm with "yes".)

.# #.(...## #)# #.# #.#
.#####.#### #.# #.# #.#
.....#.#######.###.# #.#
................##.###.#
..##.#.#.###...........#########
..##.#.#.# #..........)...(....#
.........# #.#..##.......#####.##
##########################(......
#<..............@........#.......
#'######################.#####.##
#...................)....# #.#
#.########################## #.##
#..........................# #.##
##########################.# #.##
#.# #.#....# #..# #.## #.#
###.#.#.## #.## #.^. #.#
#.......# #.# #...


There were no monsters in sight!

Vanquished Creatures
  A gnoll (D:1)
  A dart slug (D:1)
  A giant cockroach (D:1)
  A goblin (D:1)
  3 hobgoblins (D:1)
  6 kobolds (D:1)
  2 bats (D:1)
  3 rats (D:1)
18 creatures vanquished.

Notes
Turn   | Place    | Note
-------+----------+-------------------------------------------
     0 | D:1      | lampshaded the Minotaur Fighter began the quest for the
                  | Orb.
     0 | D:1      | Reached XP level 1. HP: 19/19 MP: 0/0
   287 | D:1      | Reached XP level 2. HP: 27/27 MP: 1/1
   458 | D:1      | HP: 1/27 [gnoll/+0 halberd (2)]
   739 | D:1      | Upgraded the game from 0.26-a0-662-g8b9c6dab81 to
                  | 0.26-a0-752-gcff87cac9a
   777 | D:1      | Reached XP level 3. HP: 32/33 MP: 2/2
  1176 | D:1      | Upgraded the game from 0.26-a0-752-gcff87cac9a to
                  | 0.26-a0-812-g31a745ddcd
  1176 | D:1      | Upgraded the game from 0.26-a0-812-g31a745ddcd to
                  | 0.26-a0-818-g75db068ed4
  1176 | D:1      | Quit the game

Illustrated notes

Levels and vault maps discovered:
D:1:      wheals_arrival_linesprint, layout_loops_ring

Skill      XL: |  1  2  3 |
---------------+----------+-----
Long Blades    | 3 |  3.3
Shields        | 4 |  4.0
Fighting       | 4 |  4.0
Armour         | 4 |  4.0

Action                   || total
-------------------------++-------
Melee: Long sword        ||    44
       Headbutt          ||     6
  Use: Potion            ||     1
Armor: Scale mail        ||    20
Dodge: Dodged            ||    18
Block: Kite shield       ||    23
       Rpst.: Long sword ||     5

Table legend: (Time is in decaauts)
 A = Elapsed time spent in this place.
 B = Non-inter-level travel time spent in this place.
 C = Inter-level travel time spent in this place.
 D = Time resting spent in this place.
 E = Time spent auto-exploring this place.
 F = Levels seen in this place.
 G = Mean time per level.
                   A        B        C        D        E       F      G
               +--------+--------+--------+--------+--------+-----+--------+
         Total |   1191 |   1191 |      0 |    277 |    811 |   1 | 1191.0 |
       Dungeon |   1191 |   1191 |      0 |    277 |    811 |   1 | 1191.0 |
               +--------+--------+--------+--------+--------+-----+--------+

Top non-repeatable levels by time:
     D:1: 1191 daAuts
